 Dungeon Crawl Stone Soup version 0.27-a0-1071-ga85bd9520d (webtiles) character file.

Game seed: 11158353735693003357

49 leviel the Skirmisher (level 3, -1/33 HPs)
             Began as a Hill Orc Fighter on Apr 24, 2021.
             Was a Follower of Okawaru.
             Slain by a gnoll
             ... wielding a +0 flail
              (4 damage)
             ... on level 3 of the Dungeon.
             The game lasted 00:01:35 (1260 turns).

leviel the Skirmisher (Hill Orc Fighter)            Turns: 1260, Time: 00:01:36

Health: -1/33      AC:  8    Str: 19    XL:     3   Next: 75%
Magic:  3/3        EV:  7    Int:  8    God:    Okawaru [*.....]
Gold:   20         SH:  9    Dex: 10    Spells: 2/2 levels left

rFire    . . .     SeeInvis .   a - +0 war axe
rCold    . . .     Faith    +   c - +0 kite shield
rNeg     + . .     Spirit   .   b - +0 scale mail
rPois    .         Reflect  .   j - +0 helmet
rElec    .         Harm     .   (no cloak)
rCorr    .         Rampage  .   (no gloves)
Will     .....                  (no boots)
Stlth    ..........             k - amulet of faith
HPRegen  0.11/turn              i - ring of positive energy
MPRegen  0.08/turn              (no ring)

@: no status effects
A: no striking features
a: Renounce Religion, Heroism


You were on level 3 of the Dungeon.
You worshipped Okawaru.
Okawaru was aware of your devotion.
You visited 1 branch of the dungeon, and saw 3 of its levels.

You collected 20 gold pieces.

Inventory:

Hand Weapons
 a - a +0 war axe (weapon)
Armour
 b - a +0 scale mail (worn)
 c - a +0 kite shield (worn)
 j - a +0 helmet (worn)
Jewellery
 i - a ring of positive energy (left hand)
 k - an amulet of faith (around neck)
Scrolls
 f - a scroll of identify {unknown}
 g - a scroll of fear {unknown}
 h - a scroll of immolation {unknown}
Potions
 d - a potion of might


   Skills:
 + Level 4.0 Fighting
 + Level 3.4 Axes
 + Level 3.7 Armour
 + Level 0.1 Dodging
 + Level 4.0 Shields


You had 2 spell levels left.
You didn't know any spells.
Your spell library was empty.

Dungeon Overview and Level Annotations

Branches:
Dungeon (3/15)

Altars:
Okawaru


Message History

Okawaru accepts your kill.
Things that are here:
a +0 club; an orc corpse You start resting.
HP restored.
There is a stone staircase leading up here.
You climb upwards.
The gnoll hits you with a +0 halberd. x2
There is a stone staircase leading down here.
You slash the gnoll!
The gnoll is severely wounded.
The gnoll hits you but does no damage.
You hit the gnoll but do no damage.
The gnoll is severely wounded.
You block the gnoll's attack.
You hit the gnoll.
The gnoll is moderately wounded.
You block the gnoll's attack. x2
You slash the gnoll!
You kill the gnoll!
Okawaru accepts your kill.
The gnoll hits you from afar with a +0 halberd!
The gnoll completely misses you.
Your Shields skill increases to level 4!
You are too injured to fight recklessly!
You are too injured to fight recklessly!
You are too injured to fight recklessly!
You are too injured to fight recklessly!
You are too injured to fight recklessly!
You are too injured to fight recklessly!
You block the gnoll's attack.
The gnoll hits you from afar with a +0 halberd!
* * * LOW HITPOINT WARNING * * *
You climb downwards.
There is a stone staircase leading up here.
It was a potion of curing.
You feel better. The gnoll hits you with a +0 flail.
* * * LOW HITPOINT WARNING * * *
You slash the gnoll!
The gnoll is almost dead.
The gnoll hits you with a +0 flail.
You die...

#. .. # .. .#
.##># ....# ..#.##
..##.######.....##
.......@..).?.....
......g..##.....##
.###..##.# #...##
#.... #.# ...#
#.## #.# ..# # #.#
.## ..# # ###


You could see a gnoll.

Vanquished Creatures
  2 gnolls (D:2)
  A dart slug (D:1)
  An orc (D:3)
  2 bats (D:1)
  2 giant cockroaches (D:1)
  A hobgoblin (D:1)
  2 quokkas (D:2)
  2 ball pythons (D:1)
  4 frilled lizards
  4 goblins
  4 kobolds (D:1)
  4 rats
29 creatures vanquished.

Notes
Turn   | Place    | Note
-------+----------+-------------------------------------------
     0 | D:1      | leviel the Hill Orc Fighter began the quest for the Orb.
     0 | D:1      | Reached XP level 1. HP: 19/19 MP: 1/1
    86 | D:1      | Reached XP level 2. HP: 22/27 MP: 2/2
   458 | D:1      | Found a faded altar of an unknown god.
   473 | D:1      | Became a worshipper of Warmaster Okawaru
   473 | D:1      | Reached * piety under Okawaru
   985 | D:2      | Reached XP level 3. HP: 32/33 MP: 3/3
  1257 | D:2      | HP: 1/33 [gnoll/+0 halberd (14)]
  1260 | D:3      | Slain by a gnoll

Illustrated notes

Levels and vault maps discovered:
D:1:      ncdulo_halloftheorcs, layout_basic,
          hellmonk_ecumenical_altar_heavens_door
D:2:      minmay_wonky_spiral, layout_rooms, minivault_4, uniq_jessica
D:3:      layout_loops_corners, minmay_vboxes

Skill      XL: |  1  2  3 |
---------------+----------+-----
Axes           | 3 |  3.4
Fighting       | 4 |  4.0
Shields        | 4 |  4.0
Armour         | |  3.7
Dodging        | |  0.1

Action                   || total
-------------------------++-------
Melee: War axe           ||    89
  Use: Potion            ||     1
Armor: Scale mail        ||    44
Dodge: Dodged            ||    27
Block: Kite shield       ||    45

Table legend: (Time is in decaauts)
 A = Elapsed time spent in this place.
 B = Non-inter-level travel time spent in this place.
 C = Inter-level travel time spent in this place.
 D = Time resting spent in this place.
 E = Time spent auto-exploring this place.
 F = Levels seen in this place.
 G = Mean time per level.
                   A        B        C        D        E       F      G
               +--------+--------+--------+--------+--------+-----+--------+
         Total |   1310 |   1298 |     12 |    225 |    804 |   3 |  436.7 |
       Dungeon |   1310 |   1298 |     12 |    225 |    804 |   3 |  436.7 |
               +--------+--------+--------+--------+--------+-----+--------+

Top non-repeatable levels by time:
     D:1: 750 daAuts
     D:2: 326 daAuts
     D:3: 233 daAuts
